 Dungeon Crawl Stone Soup version 0.18.1-50-g88ac8fd (webtiles) character file.

161 varam the Ruffian (level 5, -5/53 HPs)
             Began as a Troll Monk on Oct 22, 2016.
             Slain by Prince Ribbit (8 damage)
             ... on level 7 of the Dungeon.
             The game lasted 00:02:43 (1417 turns).

varam the Ruffian (Troll Monk)                      Turns: 1417, Time: 00:02:43

Health: -5/53      AC:  6    Str: 19    XL:     5   Next: 19%
Magic:  4/4        EV: 11    Int:  6    God:
Gold:   93         SH:  0    Dex: 13    Spells: 0 memorised, 4 levels left

rFire  . . .     SeeInvis .       - Unarmed
rCold  . . .     Gourm    +     a - +0 robe
rNeg   . . .     Faith    .     (no shield)
rPois  .         Spirit   .     (helmet restricted)
rElec  .         Dismiss  .     m - +0 cloak
rCorr  .         Reflect  .     (gloves unavailable)
SustAt .         Harm     .     (boots unavailable)
MR     .....                    (no amulet)
Stlth  +.........               (no ring)
                                (no ring)

@: not resistant to hostile enchantments, very unstealthy
A: unfitting armour, claws 3, fast metabolism 3, gourmand, regeneration 2,
shaggy fur 1, tough skin 2
a: no special abilities


You were on level 7 of the Dungeon.
You were very full.

You visited 1 branch of the dungeon, and saw 5 of its levels.

You collected 93 gold pieces.

Inventory:

Missiles
 e - 47 stones (quivered)
Armour
 a - a +0 robe (worn)
 m - a +0 cloak (worn)
Jewellery
 q - a cursed ring of teleportation {unknown}
Scrolls
 c - 2 scrolls of remove curse {unknown}
 g - a scroll of immolation {unknown}
 j - 2 scrolls of amnesia {unknown}
 k - 2 scrolls of identify {unknown}
 n - a scroll of enchant armour {unknown}
 s - a scroll of fog {unknown}
Potions
 d - a potion of lignification {unknown}
 f - 2 potions of agility {unknown}
 h - a potion of flight {unknown}
 l - a potion of mutation {unknown}
 o - a potion of curing {unknown}
Comestibles
 b - 4 bread rations
 i - a beef jerky
 p - 2 meat rations


   Skills:
 + Level 3.1 Fighting
 + Level 3.0 Dodging
 - Level 1.1 Stealth
 + Level 5.6 Unarmed Combat


You had 4 spell levels left.
You didn't know any spells.

Dungeon Overview and Level Annotations

Branches:
Dungeon (4/15)
 Temple: D:4-7

Altars:
Cheibriados
Kikubaaqudgha
Yredelemnul

Annotations:
D:7 Prince Ribbit


Innate Abilities, Weirdness & Mutations

You are too large for most types of armour.
You have claws for hands.
Your metabolism is lightning-fast.
You like to eat raw meat.
You heal very quickly.
You are covered in fur (AC +1).
You have very tough skin (AC +2).


Message History

You claw Prince Ribbit!
Prince Ribbit is moderately wounded.
Prince Ribbit hits you!
You scratch Prince Ribbit.
Prince Ribbit is moderately wounded.
Prince Ribbit hops awkwardly around.
Prince Ribbit hits you!
* * * LOW HITPOINT WARNING * * *
You claw Prince Ribbit!
Prince Ribbit is severely wounded.
Prince Ribbit barely misses you. Prince Ribbit hits you!
* * * LOW HITPOINT WARNING * * *
You barely miss Prince Ribbit.
Prince Ribbit is severely wounded.
Prince Ribbit hits you.
* * * LOW HITPOINT WARNING * * *
You scratch Prince Ribbit.
Prince Ribbit is severely wounded.
Prince Ribbit hits you!
You die...

....... ...
....... .....
....... ....#
....... ....# .
.......###....#..
...............#
...............#
...............#.
.....##..@Fn.....
... +.......... .
#..........
#....:.###(
#......# .......+
##......#
#......#


You could see Prince Ribbit and a necrophage.

Vanquished Creatures
  Crazy Yiuf (D:2)
  A giant frog skeleton (D:4)
  An orc priest (D:4)
  An orc wizard (D:4)
  An adder (D:2)
  A worm (D:3)
  A dart slug (D:1)
  A giant gecko (D:2)
  3 orcs (D:4)
  4 hobgoblins
  6 jackals
  5 quokkas
  3 ball pythons
  6 bats
  5 giant newts
  2 goblins (D:2)
  5 kobolds
  A rat (D:2)
48 creatures vanquished.

Vanquished Creatures (others)
  A giant gecko (D:4)
  An orc (D:4)
2 creatures vanquished.

Grand Total: 50 creatures vanquished

Notes
Turn   | Place    | Note
--------------------------------------------------------------
     0 | D:1      | varam the Troll Monk began the quest for the Orb.
     0 | D:1      | Reached XP level 1. HP: 22/22 MP: 0/0
   147 | D:1      | Reached XP level 2. HP: 23/29 MP: 1/1
   299 | D:2      | Reached skill level 5 in Unarmed Combat
   326 | D:2      | Reached XP level 3. HP: 35/36 MP: 2/2
   536 | D:2      | Noticed Crazy Yiuf
   541 | D:2      | Killed Crazy Yiuf
   541 | D:2      | Reached XP level 4. HP: 25/44 MP: 0/3
   722 | D:2      | Found a snail-covered altar of Cheibriados.
  1021 | D:3      | Found a basalt altar of Yredelemnul.
  1095 | D:4      | Reached XP level 5. HP: 24/53 MP: 4/4
  1346 | D:4      | Found an ancient bone altar of Kikubaaqudgha.
  1408 | D:4      | You fall through a shaft for 3 floors!
  1408 | D:7      | Noticed Prince Ribbit
  1411 | D:7      | Noticed a necrophage
  1416 | D:7      | HP: 2/53 [Prince Ribbit (2)]
  1417 | D:7      | Slain by Prince Ribbit

Skill      XL: |  1  2  3  4 |
---------------+-------------+-----
Unarmed Combat | 5 |  5.6
Fighting       | 3 |  3.1
Dodging        | 3 |  3.0
Stealth        | |  1.1

Action                   |  1- 3 |  4- 6 || total
-------------------------+-------+-------++-------
Melee: Unarmed           |    80 |    43 ||   123
       Punch             |     1 |     1 ||     2
 Stab: Sleeping          |     1 |     2 ||     3
  Eat: Chunk             |    10 |     8 ||    18
Armor: Robe              |    30 |     8 ||    38
Dodge: Dodged            |    51 |    11 ||    62
